 Dungeon Crawl Stone Soup version 0.30-a0-613-gdd512c7efb (webtiles) character file.

Game seed: 2050236378858804499

11183 purpskrrrp the Skirmisher (level 11, -3/62 HPs)
             Began as a Deep Elf Hunter on Jan 8, 2023.
             Was a High Priest of Nemelex Xobeh.
             Slain by a skeletal warrior
             ... wielding a +0 trident
              (11 damage)
             ... on level 11 of the Dungeon.
             The game lasted 00:26:47 (11205 turns).

purpskrrrp the Skirmisher (Deep Elf Hunter)        Turns: 11205, Time: 00:26:47

Health: -3/62      AC:  8    Str: 11    XL:     11   Next: 46%
Magic:  0/30       EV: 21    Int: 15    God:    Nemelex Xobeh [*****.]
Gold:   114        SH:  0    Dex: 28    Spells: 21/21 levels left

rFire   . . .      SeeInvis .    G - +7 Throatcutter {drain, coup de grace}
rCold   . . .      Faith    .    (no shield)
rNeg    . . .      Spirit   +    z - +3 leather armour
rPois   .          Reflect  .    (no helmet)
rElec   .          Harm     .    M - +0 cloak {rCorr}
rCorr   +          Rampage  .    E - +0 pair of gloves {Str+3}
Will    +....                    (no boots)
Stlth   +++++                    v - amulet of guardian spirit
HPRegen 0.30/turn                F - +6 ring of dexterity
MPRegen 0.22/turn                i - ring of magical power

@: no status effects
A: MP-powered wands, sturdy frame 1
a: Renounce Religion, Draw Escape, Draw Destruction, Draw Summoning, Triple
Draw, Deal Four, Stack Five


You were on level 11 of the Dungeon.
You worshipped Nemelex Xobeh.
Nemelex Xobeh was extremely pleased with you.
You visited 1 branch of the dungeon, and saw 11 of its levels.

You collected 596 gold pieces.
You spent 482 gold pieces at shops.

Inventory:

Hand Weapons
 a - a +1 shortbow of chaos
 D - the +10 mace "Jiso" {heavy, Dex+3}
   (You found it on level 7 of the Dungeon)

   Dex:       It affects your dexterity (+3).
 G - the +7 Throatcutter (weapon) {drain, coup de grace}
   (You found it on level 9 of the Dungeon)

   It may instantly kill foes which have little health.
Armour
 c - a +0 leather armour
 j - a +2 cloak
 x - +0 steam dragon scales
 z - a +3 leather armour (worn)
 E - a +0 pair of gloves of strength (worn)
 M - a +0 cloak of preservation (worn)
Jewellery
 i - a ring of magical power (right hand)
 o - a ring of resist corrosion
 s - a ring of flight
 t - a ring of ice
 v - an amulet of guardian spirit (around neck)
 F - a +6 ring of dexterity (left hand)
 I - an amulet of the acrobat
 K - a +4 ring of slaying
Wands
 n - a wand of mindburst (2)
 p - a wand of roots (8)
 C - a wand of flame (24)
Scrolls
 b - 5 scrolls of immolation
 h - 2 scrolls of silence
 k - 8 scrolls of teleportation
 q - 2 scrolls of poison
 w - 2 scrolls of magic mapping
 y - 2 scrolls of amnesia
 J - 2 scrolls of identify
 L - a scroll of enchant weapon
Potions
 d - 2 potions of mutation
 e - a potion of degeneration
 f - 3 potions of invisibility
 g - a potion of ambrosia
 l - 3 potions of flight
 m - 3 potions of might
 r - 3 potions of cancellation
 u - a potion of curing
 A - 2 potions of lignification
 H - a potion of brilliance


   Skills:
 - Level 4.9 Fighting
 * Level 5.1 Long Blades
 + Level 11.6 Ranged Weapons
 + Level 9.0 Dodging
 + Level 9.6 Stealth
 + Level 5.6 Spellcasting
 + Level 9.9 Invocations


You had 21 spell levels left.
You didn't know any spells.
Your spell library contained the following spells:

 Spells                   Type           Power      Damage    Failure   Level
 Sting                    Tmut/Pois      16%        1d3       17%         1
 Ensorcelled Hibernation  Hex/Ice        8%         N/A       26%         2
 Poisonous Vapours        Pois/Air       8%         N/A       26%         2
 Hailstorm                Conj/Ice       4%         3d4       45%         3
 Ozocubu's Armour         Ice            4%         N/A       45%         3
 Spider Form              Tmut/Pois      4%         N/A       45%         3
 Anguish                  Hex/Necr       2%         N/A       86%         4
 Ice Form                 Ice/Tmut       4%         N/A       86%         4
 Olgreb's Toxic Radiance  Pois           4%         N/A       86%         4
 Passage of Golubria      Tloc           4%         N/A       86%         4
 Silence                  Hex/Air        2%         N/A       99%         5
 Simulacrum               Ice/Necr       2%         N/A       100%        6
 Ozocubu's Refrigeration  Ice            2%         4d7       100%        7
 Lehudib's Crystal Spear  Conj/Erth      2%         10d2      100%        8


Dungeon Overview and Level Annotations

Branches:
Dungeon (11/15)            Temple (0/1) D:5            Lair (0/5) D:11
    Orc (0/2) D:10

Altars:
Cheibriados
Elyvilon
Gozag
Hepliaklqana
Kikubaaqudgha
Nemelex Xobeh
Qazlal
Sif Muna
Trog
Xom
Zin

Shops:
D:3 [*[?!   D:9 (

Annotations:
D:7 3 runed translucent doors, Juicyj's ghost, novice MiFi


Innate Abilities, Weirdness & Mutations

You expend magic power (3 MP) to strengthen your wands.
Your movements are slightly less encumbered by armour. (ER -2)


Message History

The skeletal warrior hits you with a +0 scimitar!!
* * * LOW HITPOINT WARNING * * *
The skeletal warrior misses you.
You are too injured to fight recklessly!
You are too injured to fight recklessly!
You are too injured to fight recklessly!
You are too injured to fight recklessly!
You are too injured to fight recklessly!
You are too injured to fight recklessly!
You are too injured to fight recklessly!
You are too injured to fight recklessly!
You are too injured to fight recklessly!
You are too injured to fight recklessly!
You are too injured to fight recklessly!
You are too injured to fight recklessly!
Okay, then.
You draw a card...
You have drawn Exile.
The skeletal warrior is devoured by a tear in reality. x2
The skeletal warrior hits you from afar with a +0 trident!
* * * LOW HITPOINT WARNING * * *
The skeletal warrior misses you.
Your Long Blades skill increases to level 5!
Your Dodging skill increases to level 9!
You feel much better. The skeletal warrior misses you. x2
The skeletal warrior completely misses you.
The skeletal warrior attacks as you move away!
The skeletal warrior hits you with a +0 battleaxe!!
* * * LOW HITPOINT WARNING * * *
You draw a card...
You have drawn the Orb.
Press: ? - help, Shift-Dir - straight line, f/p - skeletal warrior
Aim: a skeletal warrior, wielding a +0 trident (heavily damaged)
The wavering orb of destruction weakly hits the skeletal warrior!
The skeletal warrior is moderately damaged.
The wavering orb of destruction hits the skeletal warrior!!!
The skeletal warrior is severely damaged.
The skeletal warrior closely misses you.
The skeletal warrior hits you from afar with a +0 trident!
You die...
Your body disappears without a glow.

###.. #.....#. .....
#.....#. #... #...###.
#§§# ##.#####...
#§.#..............
#.§#..............
+z.#...........###
..######zz#...........#..
.......*@*#...........#..
.#####*○.#...........#..
#. #..*#...........#'#
...#
#...#...#..............
...#
#...#...#........######
...# #.#...#...#........#
...# #.#...#...#........#
...# #.#...'...####.....#
...# #.#...#......#.....#


You could see 3 skeletal warriors.

Vanquished Creatures
  2 death yaks (D:11)
  A two-headed ogre (D:11)
  An unseen horror (D:10)
  A hornet (D:8)
  4 trolls
  Sigmund (D:6)
  6 yaks (D:10)
  A wyvern (D:8)
  A wraith (D:11)
  Menkaure (D:5)
  2 steam dragons
  An acid dragon (D:10)
  A water moccasin (D:9)
  A sky beast (D:8)
  2 orc warriors
  A swamp drake (D:9)
  2 ice beasts
  5 ogres
  3 black bears
  A wolf (D:10)
  3 centaurs
  A phantom (D:5)
  3 kobold brigands
  2 scorpions
  5 bullfrogs
  9 wights
  10 killer bees
  A vampire bat (D:5)
  3 howler monkeys
  2 hounds
  2 orc priests (D:6)
  3 jellies
  Crazy Yiuf (D:4)
  A gnoll bouda (D:6)
  Jessica (D:3)
  Ijyb (D:4)
  7 iguanas
  5 orc wizards
  7 gnolls
  3 adders
  2 river rats
  3 white imps
  An ufetubus (D:6)
  8 worms
  2 dart slugs
  3 fire bats (D:5)
  20 orcs
  2 spectral bats (D:5)
  10 ball pythons
  15 bats
  3 bat skeletons (D:5)
  A bat zombie (D:5)
  6 endoplasms
  2 giant cockroaches
  7 goblins
  11 hobgoblins
  4 quokkas
  A bat simulacrum (D:5)
  3 frilled lizards
  20 kobolds
  6 rats
238 creatures vanquished.

Vanquished Creatures (collateral kills)
  A death yak (D:11)
  An acid dragon (D:9)
  2 killer bees (D:9)
  2 howler monkeys (D:11)
  A hell rat (D:11)
  3 quokkas (D:11)
  3 rats (D:11)
13 creatures vanquished.

Vanquished Creatures (others)
  A wizard (D:9)
  A centaur (D:9)
  An iguana (D:9)
  An orc (D:10)
  A plant (D:1)
5 creatures vanquished.

Grand Total: 256 creatures vanquished

Notes
Turn   | Place    | Note
-------+----------+-------------------------------------------
     0 | D:1      | purpskrrrp the Deep Elf Hunter began the quest for the Orb.
     0 | D:1      | Reached XP level 1. HP: 12/12 MP: 3/3
   165 | D:1      | Found a faded altar of an unknown god.
   179 | D:1      | Prayed at the altar of an unknown god.
   179 | D:1      | Became a worshipper of Nemelex Xobeh the Trickster
   179 | D:1      | Reached * piety under Nemelex Xobeh
   179 | D:1      | Received a gift from Nemelex Xobeh
   298 | D:1      | Reached XP level 2. HP: 17/17 MP: 4/4
   535 | D:1      | Received a gift from Nemelex Xobeh
   774 | D:1      | Reached skill level 1 in Invocations
   935 | D:2      | Reached ** piety under Nemelex Xobeh
   947 | D:2      | Reached XP level 3. HP: 21/21 MP: 5/5
   998 | D:2      | Received a gift from Nemelex Xobeh
  1234 | D:2      | Found a sparkling altar of Nemelex Xobeh.
  1449 | D:2      | You fall into a shaft and drop 2 floors!
  1533 | D:4      | Received a gift from Nemelex Xobeh
  1558 | D:3      | Noticed Jessica
  1562 | D:3      | Killed Jessica
  1563 | D:3      | Reached XP level 4. HP: 26/26 MP: 7/7
  1884 | D:3      | Found Jusuebe's Distillery.
  1898 | D:3      | Bought a potion of heal wounds for 55 gold pieces
  1898 | D:3      | Bought a potion of heal wounds for 55 gold pieces
  1927 | D:3      | Reached skill level 6 in Ranged Weapons
  1948 | D:3      | Found Hekhlu Weij's Magic Scroll Shoppe.
  2031 | D:3      | Reached *** piety under Nemelex Xobeh
  2034 | D:3      | Gained mutation: You expend magic power (3 MP) to
                  | strengthen your wands. [potion of mutation]
  2034 | D:3      | Gained mutation: Your movements are slightly less
                  | encumbered by armour. (ER -2) [potion of mutation]
  2042 | D:3      | Found Noihech's Armour Shop.
  2111 | D:3      | Found Cifuh's Assorted Antiques.
  2120 | D:3      | Found Ceocoff's Antique Armour Emporium.
  2564 | D:4      | Received a gift from Nemelex Xobeh
  2606 | D:4      | Found a shimmering blue altar of Sif Muna.
  2795 | D:4      | Found a stormy altar of Qazlal.
  2889 | D:4      | Received a gift from Nemelex Xobeh
  2958 | D:4      | Noticed Ijyb
  2979 | D:4      | Killed Ijyb
  2980 | D:4      | Reached XP level 5. HP: 26/30 MP: 7/9
  3104 | D:4      | Noticed a black bear
  3180 | D:4      | Killed a black bear
  3181 | D:4      | Reached XP level 6. HP: 32/36 MP: 10/10
  3268 | D:4      | Found a glowing silver altar of Zin.
  3333 | D:4      | Found a white marble altar of Elyvilon.
  3424 | D:4      | Found a runed translucent door.
  3425 | D:4      | Noticed Crazy Yiuf
  3431 | D:4      | Killed Crazy Yiuf
  3520 | D:3      | Bought a scroll of enchant weapon for 75 gold pieces
  3543 | D:5      | Entered Level 5 of the Dungeon
  3553 | D:5      | Found an ancient bone altar of Kikubaaqudgha.
  3730 | D:5      | Received a gift from Nemelex Xobeh
  3814 | D:5      | Reached XP level 7. HP: 40/40 MP: 12/12
  3997 | D:5      | Reached skill level 7 in Ranged Weapons
  4001 | D:5      | Found a staircase to the Ecumenical Temple.
  4005 | D:5      | Noticed Eustachio
  4009 | D:5      | Eustachio changed into Eustachio the bullfrog
  4009 | D:5      | Noticed Eustachio
  4014 | D:5      | Killed Eustachio the bullfrog
  4015 | D:5      | Reached skill level 5 in Invocations
  4124 | D:5      | Found a sparkling altar of Nemelex Xobeh.
  4261 | D:5      | Found a glowing drain.
  4488 | D:5      | Noticed Menkaure
  4489 | D:5      | Killed Menkaure
  4490 | D:5      | Reached skill level 5 in Dodging
  4490 | D:5      | Reached skill level 5 in Stealth
  4490 | D:5      | Reached XP level 8. HP: 46/46 MP: 14/14
  4959 | D:3      | Bought a scroll of brand weapon for 95 gold pieces
  5054 | D:6      | Reached skill level 8 in Ranged Weapons
  5076 | D:6      | Reached **** piety under Nemelex Xobeh
  5076 | D:6      | Received a gift from Nemelex Xobeh
  5460 | D:6      | Reached XP level 9. HP: 39/52 MP: 16/16
  5952 | D:6      | Noticed Sigmund
  5954 | D:6      | Killed Sigmund
  5983 | D:7      | Found a snail-covered altar of Cheibriados.
  6067 | D:7      | Found an opulent altar of Gozag.
  6087 | D:7      | Identified the +10 mace "Jiso" {heavy, Dex+3}
  6090 | D:7      | Found a runed translucent gate.
  6092 | D:7      | Found a runed translucent gate.
  6092 | D:7      | Found a runed translucent gate.
  6094 | D:7      | Noticed Juicyj's ghost (novice MiFi)
  6691 | D:7      | Reached skill level 9 in Ranged Weapons
  6918 | D:8      | Reached ***** piety under Nemelex Xobeh
  7163 | D:8      | Found a hazy altar of Hepliaklqana.
  7675 | D:8      | Found a shimmering altar of Xom.
  7799 | D:9      | Reached skill level 10 in Ranged Weapons
  7801 | D:9      | Reached skill level 1 in Spellcasting
  7844 | D:9      | Found Wuojet's Antique Weapon Boutique.
  7915 | D:9      | Noticed a troll
  7917 | D:9      | Killed a troll
  7918 | D:9      | Reached XP level 10. HP: 58/58 MP: 18/18
  8013 | D:9      | Found the +7 Throatcutter {drain, coup de grace}
  8226 | D:9      | Found a bloodstained altar of Trog.
  8227 | D:9      | Noticed a wizard
  8232 | D:9      | Killed a wizard
  8271 | D:9      | Reached skill level 1 in Long Blades
  8952 | D:9      | Received a gift from Nemelex Xobeh
  9104 | D:3      | Bought a pair of glowing gloves for 202 gold pieces
  9237 | D:10     | Entered Level 10 of the Dungeon
  9938 | D:10     | Reached skill level 11 in Ranged Weapons
 10659 | D:10     | Found a staircase to the Orcish Mines.
 10796 | D:11     | Reached XP level 11. HP: 62/62 MP: 20/20
 10916 | D:11     | Noticed a death yak
 10931 | D:11     | Noticed a death yak
 10932 | D:11     | Noticed a death yak
 10943 | D:11     | Killed a death yak
 10943 | D:11     | Killed a death yak
 10950 | D:11     | Killed a death yak
 10951 | D:11     | Reached skill level 5 in Spellcasting
 11074 | D:11     | Found a staircase to the Lair.
 11082 | D:11     | Noticed a two-headed ogre
 11087 | D:11     | Received a gift from Nemelex Xobeh
 11094 | D:11     | Killed a two-headed ogre
 11191 | D:11     | Noticed a skeletal warrior
 11195 | D:11     | Noticed a skeletal warrior
 11195 | D:11     | Noticed a skeletal warrior
 11196 | D:11     | Noticed a skeletal warrior
 11197 | D:11     | Noticed a skeletal warrior
 11201 | D:11     | Banished a skeletal warrior
 11201 | D:11     | Banished a skeletal warrior
 11202 | D:11     | Reached skill level 5 in Long Blades
 11205 | D:11     | Slain by a skeletal warrior

Illustrated notes

Levels and vault maps discovered:
D:1:      lightli_arrival_maybe_door_vault, layout_basic,
          shapermc_ecumenical_altar_pompeii, chequers_serial_rivers_micro_e,
          minmay_shallow_snake_nest
D:2:      layout_basic, basic_altar, minivault_26, hangedman_decor_points,
          kennysheep_nub, feat_on_display
D:3:      layout_basic, serial_shops, nicolae_diamond_shop, nicolae_square_shop,
          shop, shop, shop, uniq_jessica
D:4:      minmay_opposing_rooms, layout_basic, mainiacjoe_overflow_boulevard,
          mainiacjoe_overflow_24_doors, mainiacjoe_overflow_chevrons,
          kennysheep_little_box, amcnicky_mini_pool_small,
          uniq_crazy_yiuf_cottage, uniq_ijyb
D:5:      layout_loops_ring, lemuel_doored_altar, general_overflow_altar,
          minmay_temple_entry_tees, cheibrodos_sewer_entry_bend, goddamned_bats,
          uniq_menkaure, uniq_eustachio
D:6:      layout_basic, serial_corexii_hall, corexii_hall_statues_deadend,
          corexii_hall_statues_s, nicolae_fountain_basement, uniq_sigmund
D:7:      layout_basic, mainiacjoe_overflow_large_starburst,
          gammafunk_ghost_split, grunt_decor_arrowhead
D:8:      layout_loops_ring, mainiacjoe_overflow_catwalk,
          lemuel_coloured_pillars_altar
D:9:      layout_basic, trog_wizard, serial_shops, shop,
          dilly_guarded_unrand_throatcut
D:10:     layout_loops_corners, david_orc_4, chequers_serial_rivers_small_b,
          corexii_hall_statues_deadend
D:11:     layout_irregular_city, dpeg_lair_monsters

Skill      XL: |  1  2  3  4  5  6  7  8  9 10 11 |
---------------+----------------------------------+-----
Invocations    | 1 2 3 4 5 7 8 9 |  9.9
Stealth        | 2 3 4 5 6 7 9 |  9.6
Dodging        | 3 4 5 6 7 8 9 |  9.0
Fighting       | 2 3 4 |  4.9
Ranged Weapons | 6 7 8 10 11 | 11.6
Spellcasting   | 1 4 5 |  5.6
Long Blades    | 3 5 |  5.1

Action                   |  1- 3 |  4- 6 |  7- 9 | 10-12 || total
-------------------------+-------+-------+-------+-------++-------
Melee: Shortbow          |       |       |     3 |     4 ||     7
       Long sword        |       |       |       |   160 ||   160
       Punch             |       |       |       |     2 ||     2
 Fire: Shortbow          |    91 |   155 |   304 |    20 ||   570
Invok: Draw Destruction  |       |     4 |    13 |    13 ||    30
       Draw Escape       |       |     1 |     3 |     3 ||     7
       Draw Summoning    |       |       |       |     3 ||     3
  Use: Scroll            |     3 |    17 |     4 |     2 ||    26
       Potion            |       |     6 |       |     1 ||     7
 Stab: Sleeping          |       |       |       |     3 ||     3
       Distracted        |       |       |       |     2 ||     2
Armor: Leather armour    |    11 |    38 |    57 |    54 ||   160
Dodge: Dodged            |    17 |    51 |   123 |   226 ||   417

Table legend: (Time is in decaauts)
 A = Elapsed time spent in this place.
 B = Non-inter-level travel time spent in this place.
 C = Inter-level travel time spent in this place.
 D = Time resting spent in this place.
 E = Time spent auto-exploring this place.
 F = Levels seen in this place.
 G = Mean time per level.
                   A        B        C        D        E       F      G
               +--------+--------+--------+--------+--------+-----+--------+
         Total |  11310 |  10655 |    655 |    761 |   8150 |  11 | 1028.2 |
       Dungeon |  11310 |  10655 |    655 |    761 |   8150 |  11 | 1028.2 |
               +--------+--------+--------+--------+--------+-----+--------+

Top non-repeatable levels by time:
    D:10: 1503 daAuts
     D:6: 1329 daAuts
     D:9: 1252 daAuts
     D:5: 1162 daAuts
     D:4: 1124 daAuts
     D:8: 1024 daAuts
     D:1: 910 daAuts
     D:3: 885 daAuts
     D:7: 862 daAuts
     D:2: 765 daAuts
    D:11: 490 daAuts
